 Dungeon Crawl Stone Soup version 0.22-a0-617-g6d95e9e (webtiles) character file.

1197 sking99 the Insei (level 8, -8/54 HPs)
             Began as an Octopode Transmuter on July 12, 2018.
             Was a Believer of Wu Jian.
             Shot with an arrow by a centaur (11 damage)
             ... on level 6 of the Dungeon.
             The game lasted 00:09:27 (4831 turns).

sking99 the Insei (Octopode Transmuter)             Turns: 4831, Time: 00:09:28

Health: -8/54      AC:  1    Str:  9    XL:     8   Next: 44%
Magic:  20/20      EV: 15    Int: 16    God:    Wu Jian [**....]
Gold:   237        SH:  0    Dex: 14    Spells: 1/11 levels left

rFire    . . .     SeeInvis .     - Unarmed
rCold    . . .     Gourm    .   (no shield)
rNeg     . . .     Faith    .   (helmet restricted)
rPois    .         Spirit   .   (no amulet)
rElec    .         Reflect  .   h - ring of magical power
rCorr    .         Harm     .   (no ring)
MR       .....                  (no ring)
Stlth    ++........             (no ring)
HPRegen  0.18/turn              (no ring)
MPRegen  0.17/turn              (no ring)
                                (no ring)
                                (no ring)

@: no status effects
A: almost no armour, stealthy swim, amphibious, 8 rings, constrict 8, camouflage
1, gelatinous body 1
a: Wall Jump, Renounce Religion


You were on level 6 of the Dungeon.
You worshipped Wu Jian.
Wu Jian was pleased with you.
You were hungry.

You visited 1 branch of the dungeon, and saw 6 of its levels.

You collected 237 gold pieces.

Inventory:

Missiles
 a - 143 arrows
Jewellery
 h - a ring of magical power (left tentacle)
 s - an uncursed ring of fire
Wands
 m - a wand of scattershot (5)
Scrolls
 d - 2 scrolls of identify
 e - 4 scrolls of teleportation
 f - a scroll of enchant armour
 o - 2 scrolls of magic mapping
 q - 3 scrolls of remove curse
 t - a scroll of enchant weapon {unknown}
Potions
 b - a potion of ambrosia
 g - 2 potions of curing
 i - 2 potions of cancellation
 j - a potion of lignification
 k - a potion of mutation {unknown}
 n - 2 potions of flight
 p - a potion of berserk rage
 r - a potion of heal wounds {unknown}
Comestibles
 c - 6 rations
 l - a chunk of flesh


   Skills:
 + Level 4.6 Fighting
 + Level 3.9 Dodging
 * Level 7.3 Unarmed Combat
 - Level 2.0 Spellcasting
 + Level 1.4 Translocations
 - Level 3.6 Transmutations
 - Level 2.0 Poison Magic


You had one spell level left.
You knew the following spells:

 Your Spells              Type           Power        Failure   Level  Hunger
a - Beastly Appendage     Tmut           ##....       4%          1    #......
b - Sticks to Snakes      Tmut           ##......     7%          2    ###....
c - Spider Form           Tmut/Pois      ##........   19%         3    ###....
d - Shroud of Golubria    Chrm/Tloc      #.........   24%         2    ###....
e - Song of Slaying       Chrm           #.......     30%         2    ###....

Your spell library contained the following spells:

 Spells                   Type           Power        Failure   Level  Hunger
 Summon Small Mammal      Summ           #...         21%         1    #......
 Summon Ice Beast         Ice/Summ       #.......     90%         4    #####..
 Call Imp                 Summ           #.......     30%         2    ###....
 Regeneration             Chrm/Necr      #.........   52%         3    ###....
 Blade Hands              Tmut           ##........   78%         5    ######.
 Ice Form                 Ice/Tmut       #.......     69%         4    #####..
 Call Canine Familiar     Summ           #.......     52%         3    ###....
 Infusion                 Chrm           #...         21%         1    #......
 Spectral Weapon          Hex/Chrm       #.......     52%         3    ###....
 Summon Lightning Spire   Summ/Air       #.......     90%         4    #####..
 Summon Guardian Golem    Hex/Summ       #.......     52%         3    ###....


Dungeon Overview and Level Annotations

Branches:
Dungeon (6/15)             Temple (0/1) D:5

Altars:
Elyvilon
Qazlal
Vehumet
Wu Jian


Innate Abilities, Weirdness & Mutations

You cannot wear most types of armour.
You are very stealthy in the water. (Stealth+)
You are amphibious.
You can wear up to eight rings at the same time.
You can use your tentacles to constrict eight enemies at once.
Your skin changes colour to match your surroundings (Stealth+).
Your rubbery body absorbs attacks. (AC +1, EV +1)


Message History

* * * LOW HITPOINT WARNING * * *
You see here an arrow.
The centaur shoots an arrow.
The arrow closely misses you.
You see here an arrow.
You have no room to wall jump there.
Your transformation has ended.
You are feeling hungry.
The crimson imp laughs crazily.
The crimson imp blinks!
The centaur shoots an arrow.
The arrow hits you.
* * * LOW HITPOINT WARNING * * *
You see here an arrow.
The centaur shoots an arrow.
The arrow hits you.
* * * LOW HITPOINT WARNING * * *
You feel better.
The centaur shoots an arrow.
The arrow barely misses you.
The crimson imp blinks!
The centaur shoots an arrow.
The arrow hits you!
* * * LOW HITPOINT WARNING * * *
You see here an arrow.
The centaur shoots an arrow.
The arrow hits you!
You die...

##.#.# #.##.# #.# #..#.#
##.##.# #.# #.##.#
#..##.# #.# #.##.#
#.###.# #.# ####.##.# #.#
#.# #.# ........#
#.###.## #.# ####.####
#.##...#####.# ##
#.########............#
#.
#...........#@..#######
.. ##########.###(## #.
#..##.# #5 ##.##(# #. ###
#....## ##########(
#####.## #.##..#
#.5(5c.(.).
.......#######.....#
#.########.
#####.............c####.#
#. ########..........c.#
#.


You could see a centaur.

Vanquished Creatures
  2 sky beasts (D:5)
  3 ogres (D:6)
  A centaur (D:5)
  A necrophage (D:6)
  A howler monkey (D:5)
  2 crimson imps (D:5)
  An orc priest (D:3)
  A hound (D:4)
  2 bullfrog skeletons (D:6)
  2 iguanas (D:4)
  An orc wizard (D:3)
  3 worker ants (D:4)
  2 hound zombies (D:6)
  Robin (D:4)
  7 adders
  A shadow imp (D:6)
  An ooze (D:6)
  An adder skeleton (D:4)
  A worm (D:4)
  4 dart slugs
  6 leopard geckos
  9 orcs
  15 bats
  4 giant cockroaches
  19 goblins
  8 hobgoblins
  8 jackals
  A quokka (D:2)
  3 frilled lizards (D:1)
  6 kobolds
  A quokka skeleton (D:5)
  4 rats
122 creatures vanquished.

Notes
Turn   | Place    | Note
-------+----------+-------------------------------------------
     0 | D:1      | sking99 the Octopode Transmuter began the quest for the Orb.
     0 | D:1      | Reached XP level 1. HP: 13/13 MP: 3/3
   146 | D:1      | Reached XP level 2. HP: 18/18 MP: 5/5
   824 | D:2      | Reached XP level 3. HP: 21/23 MP: 4/6
   828 | D:2      | Learned a level 2 spell: Sticks to Snakes
   832 | D:2      | Learned a level 3 spell: Spider Form
  1199 | D:2      | Found an ornate altar of the Wu Jian Council.
  1229 | D:2      | Became a worshipper of the Wu Jian Council
  1480 | D:3      | Reached XP level 4. HP: 26/29 MP: 7/7
  1485 | D:3      | Reached skill level 4 in Unarmed Combat
  1485 | D:3      | Reached skill level 1 in Poison Magic
  1531 | D:3      | Reached XP level 5. HP: 27/34 MP: 6/8
  1661 | D:3      | Found a stormy altar of Qazlal.
  1800 | D:3      | Reached * piety under Wu Jian
  2320 | D:4      | Noticed Robin
  2546 | D:4      | Killed Robin
  2618 | D:4      | Reached XP level 6. HP: 33/41 MP: 5/9
  2622 | D:4      | Reached ** piety under Wu Jian
  2712 | D:4      | Reached skill level 5 in Unarmed Combat
  2980 | D:5      | Entered Level 5 of the Dungeon
  3002 | D:5      | Reached XP level 7. HP: 38/46 MP: 8/10
  3117 | D:5      | Found a staircase to the Ecumenical Temple.
  3352 | D:5      | Found a radiant altar of Vehumet.
  3373 | D:5      | Reached skill level 6 in Unarmed Combat
  3857 | D:5      | Found a white marble altar of Elyvilon.
  4494 | D:6      | Reached XP level 8. HP: 52/53 MP: 11/11
  4501 | D:6      | Learned a level 2 spell: Shroud of Golubria
  4504 | D:6      | Learned a level 2 spell: Song of Slaying
  4523 | D:6      | Reached skill level 7 in Unarmed Combat
  4557 | D:6      | Reached skill level 1 in Translocations
  4831 | D:6      | Shot with an arrow by a centaur

Vault maps used:
D:1:      dpeg_arrival_central, kennysheep_doodads, hangedman_feature_mirror
D:2:      overflow_temple_1_default
D:3:      first_ration, hangedman_decor_riveting, roderic_batcave,
          minmay_stone_trees_small, grunt_qazlal_clouds
D:4:      uniq_robin
D:5:      nicolae_overflow_crystal_walls, minmay_temple_entry_mist, basic_altar,
          due_unseen_surprise
D:6:      uniq_pikel

Skill      XL: |  1  2  3  4  5  6  7  8 |
---------------+-------------------------+-----
Fighting       | 2 3 4 |  4.6
Unarmed Combat | 4 5 6 7 |  7.3
Poison Magic   | 1 2 |  2.0
Transmutations | 3 |  3.6
Dodging        | 3 |  3.9
Translocations | 1 |  1.4
Spellcasting   | |  2.0

Action                   |  1- 3 |  4- 6 |  7- 9 || total
-------------------------+-------+-------+-------++-------
Melee: Unarmed           |    87 |   156 |    93 ||   336
       Constrict         |    26 |    18 |     1 ||    45
       Tentacles         |     7 |    10 |     3 ||    20
       Kick              |     9 |     7 |     2 ||    18
       Punch             |     4 |     2 |     1 ||     7
 Cast: Beastly Appendage |    16 |     3 |     1 ||    20
       Spider Form       |       |    16 |    13 ||    29
Invok: Lunge             |     3 |    16 |     6 ||    25
       Whirlwind         |       |     1 |     4 ||     5
       Wall Jump         |       |     2 |     2 ||     4
  Use: Potion            |       |     1 |     1 ||     2
       Scroll            |       |       |    10 ||    10
 Stab: Sleeping          |     4 |     3 |     2 ||     9
  Eat: Chunk             |     2 |     8 |     7 ||    17
Armor: Skin              |     9 |    20 |     3 ||    32
Dodge: Dodged            |    50 |   130 |    72 ||   252

Table legend:
 A = Spawn XP
 B = Non-spawn XP
 C = Spawn XP percentage of total XP
 D = Spawn monster count
 E = Non-spawn monster count
 F = Spawn count percentage of total count
 G = Total turns spent on level
                    A         B        C        D         E        F      G
               +---------+---------+-------+---------+---------+-------+---------
         Total |       0 |    1711 |   0.0 |       0 |     122 |   0.0 |  4831
               +---------+---------+-------+---------+---------+-------+---------
           D:1 |       0 |      21 |   0.0 |       0 |      13 |   0.0 |   497
           D:2 |       0 |      46 |   0.0 |       0 |      19 |   0.0 |   913
           D:3 |       0 |     151 |   0.0 |       0 |      30 |   0.0 |   944
           D:4 |       0 |     314 |   0.0 |       0 |      33 |   0.0 |   639
           D:5 |       0 |     569 |   0.0 |       0 |      16 |   0.0 |  1402
           D:6 |       0 |     610 |   0.0 |       0 |      11 |   0.0 |   436
               +---------+---------+-------+---------+---------+-------+---------
